 Dungeon Crawl Stone Soup version 0.31.0-12-g77e489cdc1 (webtiles) character file.

Game seed: 15125042285111618842

401 Curundu the Chopper (level 6, -2/56 HPs)
             Began as a Minotaur Berserker on Feb 12, 2024.
             Was a Believer of Trog.
             Slain by a gnoll
             ... wielding a +0 halberd
              (5 damage)
             ... on level 4 of the Dungeon.
             The game lasted 00:09:40 (3233 turns).

Curundu the Chopper (Minotaur Berserker)            Turns: 3233, Time: 00:09:43

Health: -2/56      AC:  9    Str: 24    XL:     6   Next: 54%
Magic:  0/5        EV:  9    Int:  4    God:    Trog [**....]
Gold:   313        SH:  0    Dex:  9    Spells: 5/5 levels left

rFire   + . .        y - +0 war axe
rCold   . . .        (no shield)
rNeg    . . .        b - +0 chain mail
rPois   .            (helmet restricted)
rElec   .            (no cloak)
rCorr   .            (no gloves)
SInv    .            (no boots)
Will    .....        e - amulet of guardian spirit Stlth
                     s - ring of protection from fire
HPRegen 0.29/turn    (no ring)
MPRegen 0.09/turn

%: guardian spirit
@: no status effects
A: horns 2, retaliatory headbutt
a: Renounce Religion, Berserk, Trog's Hand


You were on level 4 of the Dungeon.
You worshipped Trog.
Trog was pleased with you.
You visited 1 branch of the dungeon, and saw 4 of its levels.

You collected 313 gold pieces.

Inventory:

Hand Weapons
 y - a +0 war axe (weapon)
Armour
 b - a +0 chain mail (worn)
Jewellery
 e - an amulet of guardian spirit (around neck)
 f - a +6 ring of dexterity
 k - an amulet of faith
 s - a ring of protection from fire (left hand)
Scrolls
 d - a scroll of noise {unknown}
 g - 2 scrolls of teleportation {unknown}
 h - a scroll of fog {unknown}
 i - a scroll of enchant armour {unknown}
 j - 5 scrolls of identify {unknown}
 n - a scroll of revelation {unknown}
 q - a scroll of silence {unknown}
 r - a scroll of fear {unknown}
 t - a scroll of poison {unknown}
 v - 2 scrolls of immolation {unknown}
 w - a scroll of amnesia {unknown}
 x - a scroll of summoning {unknown}
Potions
 c - a potion of attraction {unknown}
 l - a potion of might {unknown}
 m - 3 potions of lignification {unknown}
 o - a potion of degeneration {unknown}
 p - a potion of haste {unknown}
 u - 2 potions of mutation {unknown}


   Skills:
 * Level 5.0 Fighting
 + Level 6.2 Axes
 + Level 4.0 Armour
 * Level 3.4 Dodging
 - Level 1.2 Stealth
 * Level 0.7 Shields
 * Level 0.6 Evocations


You had 5 spell levels left.
You didn't know any spells.
Your spell library was empty.

Dungeon Overview and Level Annotations

Branches:
Dungeon (4/15)
 Temple: D:4-7

Altars:
Vehumet


Innate Abilities, Weirdness & Mutations

You have a pair of horns on your head.
You reflexively headbutt those who attack you in melee.


Message History

The ribbon worm bites you but does no damage.
The web tears apart.
You hit the ribbon worm. You headbutt the ribbon worm.
You kill the ribbon worm!
Trog accepts your kill. The gnoll barely misses you.
The gnoll hits you from afar with a +0 halberd.
You see here a ribbon worm corpse.
The gnoll hits you from afar with a +0 halberd!
The gnoll closely misses you. The gnoll hits you but does no damage.
There is an open door here.
There is an open door here.
You hit the gnoll.
The gnoll is heavily wounded.
The gnoll completely misses you. You furiously retaliate!
You headbutt the gnoll.
The gnoll hits you from afar with a +0 halberd!
You hit the gnoll.
You kill the gnoll!
Trog accepts your kill.
The gnoll hits you from afar with a +0 halberd!
The gnoll completely misses you.
The gnoll hits you with a +0 halberd. x2
The gnoll hits you from afar with a +0 halberd!
There is an open door, spattered with blood here.
You see here a +0 club.
You barely miss the gnoll. Your headbutt misses the gnoll.
You barely miss the gnoll. The gnoll hits you with a +0 halberd!
* * * LOW HITPOINT WARNING * * *
The gnoll barely misses you. The gnoll closely misses you.
The gnoll hits you with a +0 halberd.
* * * LOW HITPOINT WARNING * * *
You slash the gnoll!
The gnoll is almost dead.
You closely miss the gnoll. The gnoll barely misses you.
The gnoll hits you from afar with a +0 halberd!
* * * LOW HITPOINT WARNING * * *
The gnoll hits you with a +0 halberd.
You die...

#....#...#######....#
#.>..†.....# #....#
#....#.....# #....#
###....#.##..# #....#
#....###+##..# ##....
#....#....# ... #....
#....'....# .... #....
#....#....+ ... #....
#....#@#### #####....
.....###gg#######..#.....
......#..g......#...#.....
......+.........#.>.'.....
......###'####+###..#.....
##..............######....
.......†......# #....
..............# #....
..............# #....


You could see 3 gnolls.

Vanquished Creatures
  Grinder (D:4)
  A hound (D:4)
  An orc priest (D:4)
  An orc wizard (D:4)
  A gnoll (D:4)
  2 adders (D:3)
  A ribbon worm (D:4)
  2 dart slugs (D:2)
  5 orcs
  9 ball pythons
  6 endoplasms
  3 giant cockroaches
  6 hobgoblins
  5 jackals
  4 kobolds
  5 quokkas
  5 bats
  2 frilled lizards
  8 goblins
  4 rats
72 creatures vanquished.

Notes
Turn   | Place    | Note
-------+----------+-------------------------------------------
     0 | D:1      | Curundu the Minotaur Berserker began the quest for the Orb.
     0 | D:1      | Reached XP level 1. HP: 19/19 MP: 0/0
   162 | D:1      | Reached XP level 2. HP: 26/27 MP: 1/1
   359 | D:1      | Reached skill level 4 in Axes
  1071 | D:2      | Reached XP level 3. HP: 29/33 MP: 2/2
  1109 | D:2      | Reached ** piety under Trog
  2206 | D:3      | Reached XP level 4. HP: 41/41 MP: 3/3
  2554 | D:3      | Found a radiant altar of Vehumet.
  2851 | D:4      | Noticed Grinder
  2865 | D:4      | Paralysed by Grinder for 2 turns
  2878 | D:4      | Killed Grinder
  2879 | D:4      | Reached skill level 6 in Axes
  2879 | D:4      | Reached skill level 1 in Stealth
  2879 | D:4      | Reached XP level 5. HP: 35/47 MP: 4/4
  2879 | D:4      | Reached XP level 6. HP: 41/55 MP: 5/5
  2972 | D:4      | Reached skill level 5 in Fighting
  3233 | D:4      | Slain by a gnoll

Illustrated notes

Levels and vault maps discovered:
D:1:      amcnicky_arrival_flooded_fountain, layout_basic, minmay_box_of_dots
D:2:      layout_loops_ring, minmay_quadrilaterals
D:3:      layout_rooms, lemuel_tele_altar, hangedman_decor_lopped,
          minmay_fractal_squares_diagonal_5
D:4:      layout_gridville, uniq_grinder

Skill      XL: |  1  2  3  4  5  6 |
---------------+-------------------+-----
Fighting       | 4 5 |  5.0
Axes           | 4 6 |  6.2
Armour         | 3 4 |  4.0
Dodging        | 3 |  3.4
Stealth        | 1 |  1.2
Shields        | |  0.7
Evocations     | |  0.6

Action                     |  1- 3 |  4- 6 || total
---------------------------+-------+-------++-------
  Melee: Hand axe          |    94 |    52 ||   146
         Headbutt          |    17 |    12 ||    29
         Punch             |       |     1 ||     1
         War axe           |       |    10 ||    10
 Invoke: Trog's Hand       |       |     2 ||     2
   Stab: Sleeping          |     1 |       ||     1
 Armour: Animal skin       |    54 |       ||    54
         Chain mail        |     7 |    58 ||    65
  Dodge: Dodged            |    76 |    28 ||   104
